Map: 사이버 포레스트 - 래더

Players

lllIIIIllll (Creator)

  • Race: Protoss Protoss
  • League: Master
  • Spawn Location: 11:00

Harstem - Winner!

  • Race: Protoss Protoss
  • League: Grandmaster
  • Spawn Location: 5:00

Event: HomeStory Cup XIX

VOD

Have the link to the VOD?

Description

Time

  • Played on: June 27, 2019, 11:45 a.m.
  • Length: 11:50

All games in this series

Show
View Real Time Build Order
Export as new Build Order

lllIIIIllll Protoss 

Build Orders: Archon Immortal 

Get SALT Encoding   

  12  0:00  Probe  
  13  0:12  Probe  
  14  0:17  Pylon  
  14  0:24  Probe  
  15  0:32  Probe  
  15  0:36  Gateway  
  15  0:40  Probe  
  16  0:45  Assimilator  
  17  0:51  Probe  
  17  0:54  Assimilator  
  18  1:00  Probe  
  19  1:06  Gateway  
  19  1:08  Probe  
  19  1:17  Probe  
  20  1:23  Cybernetics Core  
  21  1:29  Probe  
  22  1:34  Pylon  
  22  1:41  Probe  
  23  1:53  Probe  
  24  2:00  Adept x2  
  28  2:03  Shield Battery, Warp Gate  
  28  2:10  Robotics Facility  
  28  2:23  Gateway  
  28  2:30  Stalker  
  28  2:35  Pylon  
  30  2:51  Warp Prism  
  30  2:53  Stalker  
  32  3:03  Stalker  
  36  3:10  Pylon  
  36  3:15  Sentry  
  38  3:27  Observer  
  38  3:31  Shield Battery  
  39  3:59  Stalker x3  
  45  4:14  Immortal  
  43  4:33  Probe, Nexus  
  44  4:41  Robotics Bay  
  44  4:45  Probe  
  45  4:54  Pylon  
  45  4:57  Probe  
  46  5:09  Probe  
  46  5:12  Pylon  
  47  5:17  Disruptor  
  47  5:21  Probe  
  48  5:30  Observer  
  48  5:34  Probe  
  52  5:44  Nexus  
  52  5:45  Probe  
  53  5:52  Probe  
  53  5:55  Disruptor  
  54  5:57  Probe  
  58  6:07  Stalker  
  58  6:10  Probe x2  
  62  6:17  Twilight Council  
  62  6:22  Probe x2  
  62  6:24  Stalker  
  66  6:30  Stalker  
  68  6:35  Stalker  
  68  6:36  Blink  
  68  6:46  Observer  
  65  6:57  Probe x2  
  65  6:58  Probe  
  66  7:04  Assimilator  
  66  7:06  Assimilator  
  66  7:07  Probe  
  62  7:09  Probe x2  
  62  7:10  Stalker  
  62  7:13  Pylon  
  62  7:15  Probe  
  67  7:21  Probe x2  
  67  7:22  Twilight Council  
  65  7:23  Forge  
  65  7:25  Stalker, Probe  
  68  7:33  Probe  
  68  7:34  Immortal  
  68  7:36  Probe  
  74  7:37  Probe  
  75  7:51  Gateway x3  
  75  7:52  Sentry  
  75  7:54  Stalker  
  75  7:55  Protoss Ground Weapons Level 1  
  79  8:07  Templar Archives  
  79  8:08  Warp Prism  
  81  8:22  Charge  
  81  8:26  Zealot x3  
  87  8:28  Gateway  
  81  8:39  Immortal  
  80  8:45  Shield Battery  
  80  8:46  Shield Battery, Pylon  
  80  8:48  Zealot  
  86  8:56  Zealot x3  
  86  9:02  High Templar x2  
  96  9:03  Shield Battery  
  96  9:07  Archon  
  96  9:08  Shield Battery  
  96  9:19  Immortal, Pylon  
  96  9:20  Pylon  
  100  9:25  Shield Battery  
  100  9:27  Archon  
  100  9:38  Zealot x6  
  109  9:44  Zealot  
  76  9:54  Immortal  
  76  9:59  High Templar x2  
  70  10:00  Sentry  
  70  10:01  Zealot x3  
  70  10:03  Archon  
  74  10:10  Zealot  
  73  10:21  Zealot x2  
  77  10:22  Zealot  
  79  10:33  Zealot x2  
  75  10:38  Zealot  
  75  10:40  Warp Prism  
  73  10:56  Zealot, High Templar x2  
  63  11:00  Archon  
  63  11:02  Zealot  
  63  11:04  Zealot  
  67  11:10  Zealot  
  69  11:13  Zealot  
  71  11:19  Zealot  
  73  11:26  Zealot  
  73  11:31  Shield Battery  
  73  11:41  Zealot, High Templar x2  
  73  11:42  Zealot  
  73  11:45  Archon  
Show
View Real Time Build Order
Export as new Build Order

Harstem Protoss - Winner!

Build Orders: 1 Gate Expand, Phoenix Opening, Archon Immortal 

Get SALT Encoding   

  12  0:00  Probe  
  13  0:13  Probe  
  14  0:18  Pylon  
  14  0:24  Probe  
  15  0:32  Probe  
  15  0:38  Gateway  
  15  0:41  Probe  
  16  0:48  Assimilator  
  17  0:52  Probe  
  18  1:04  Probe  
  19  1:16  Probe  
  20  1:23  Nexus  
  20  1:33  Cybernetics Core  
  20  1:37  Probe  
  21  1:41  Assimilator  
  21  1:49  Probe  
  21  1:52  Pylon  
  22  2:00  Stalker  
  22  2:01  Probe, Warp Gate  
  23  2:13  Probe  
  26  2:24  Sentry  
  26  2:25  Probe  
  27  2:30  Pylon  
  27  2:36  Probe  
  30  2:37  Probe  
  30  2:51  Probe  
  30  2:52  Stalker  
  30  2:53  Probe  
  30  2:56  Robotics Facility  
  33  2:58  Phoenix  
  33  3:02  Gateway  
  33  3:03  Probe  
  33  3:05  Probe  
  35  3:16  Probe  
  35  3:17  Stalker  
  35  3:19  Probe, Shield Battery  
  39  3:28  Probe  
  39  3:31  Probe  
  41  3:34  Immortal  
  41  3:38  Pylon  
  45  3:51  Pylon  
  45  3:58  Shield Battery  
  45  4:01  Stalker  
  47  4:03  Stalker  
  47  4:04  Immortal  
  47  4:05  Probe  
  48  4:26  Probe x2  
  48  4:31  Sentry  
  52  4:38  Probe  
  54  4:40  Pylon  
  54  4:42  Phoenix  
  54  4:44  Zealot  
  54  4:45  Probe  
  56  4:50  Probe  
  56  4:52  Warp Prism  
  56  4:57  Pylon  
  56  4:59  Sentry  
  60  5:00  Probe  
  60  5:03  Probe  
  62  5:12  Assimilator, Probe  
  63  5:16  Zealot  
  63  5:18  Probe  
  66  5:21  Immortal  
  71  5:30  Probe  
  71  5:31  Assimilator  
  71  5:37  Stargate  
  69  5:45  Probe  
  69  5:48  Probe  
  71  5:52  Immortal  
  71  5:57  Probe  
  71  6:00  Probe  
  71  6:01  Pylon  
  77  6:04  Shield Battery  
  77  6:09  Probe, Pylon  
  78  6:13  Phoenix  
  78  6:16  Pylon  
  78  6:21  Forge  
  78  6:24  Probe  
  81  6:39  Probe  
  82  6:46  Probe  
  77  6:51  Probe  
  70  6:56  Stalker x2  
  70  6:57  Immortal  
  70  6:58  Probe  
  69  7:03  Probe  
  69  7:05  Twilight Council, Protoss Ground Weapons Level 1  
  74  7:10  Probe  
  74  7:15  Probe  
  76  7:24  Gateway  
  76  7:25  Gateway  
  76  7:27  Probe  
  76  7:29  Immortal  
  78  7:32  Charge  
  81  7:37  Pylon  
  81  7:46  Gateway  
  81  7:49  Gateway  
  81  7:57  Gateway  
  81  7:58  Gateway  
  81  7:59  Templar Archives  
  81  8:06  Observer  
  81  8:09  Zealot  
  81  8:10  Zealot  
  86  8:21  Warp Prism  
  76  8:28  Probe  
  76  8:30  Probe  
  76  8:34  Nexus  
  80  8:36  High Templar x2  
  80  8:37  High Templar x2  
  80  8:40  Archon  
  80  8:41  Archon  
  88  8:42  Zealot  
  88  8:46  Cybernetics Core  
  90  8:52  Photon Cannon  
  90  8:56  Zealot, High Templar x2  
  90  9:00  Archon  
  95  9:17  Zealot x6  
  95  9:21  Pylon  
  107  9:34  Zealot  
  107  9:41  Zealot x4  
  100  9:56  Zealot x4, Warp Prism  
  106  10:13  Zealot x2  
  106  10:14  Zealot  
  112  10:20  Stalker  
  108  10:29  Zealot x2  
  106  10:41  Probe  
  100  10:51  Zealot x5  
  100  10:52  Zealot x2  
  103  10:57  Probe  
  104  11:07  High Templar  
  106  11:11  High Templar x3  
  106  11:12  High Templar  
  106  11:14  High Templar x3  
  106  11:15  Archon x2  
  106  11:17  Observer  
  106  11:18  Archon  
  121  11:19  Archon  
  117  11:30  Probe  
  118  11:35  Zealot x3  
Tags
 
Add a new tag
Caveats
  • Supply blocks, unpowered buildings, or Contaminate may cause inaccurate times.
  • Supply counts are checked every 10 seconds.